 Dungeon Crawl Stone Soup version 0.29-a0-977-g7483850d73 (webtiles) character file.

Game seed: 8551769903124890513

46 ILmort the Chiller (level 3, -6/22 HPs)
             Began as a Merfolk Ice Elementalist on Aug 1, 2022.
             Was a Follower of Hepliaklqana.
             Killed from afar by Natasha (12 damage)
             ... with a puff of flame
             ... on level 2 of the Dungeon.
             The game lasted 00:13:57 (2347 turns).

ILmort the Chiller (Merfolk Ice Elementalist)       Turns: 2347, Time: 00:13:57

Health: -6/22      AC:  2    Str:  8    XL:     3   Next: 66%
Magic:  3/6        EV: 13    Int: 16    God:    Hepliaklqana [*.....]
Gold:   76         SH:  0    Dex: 14    Spells: 2/6 levels left

rFire   . . .      SeeInvis .   (no weapon)
rCold   . . .      Faith    .   (no shield)
rNeg    . . .      Spirit   .   a - +0 robe
rPois   .          Reflect  .   (no helmet)
rElec   .          Harm     .   (no cloak)
rCorr   .          Rampage  .   (no gloves)
Will    .....                   (no boots)
Stlth   ++........              (no amulet)
HPRegen 0.07/turn               (no ring)
MPRegen 0.10/turn               (no ring)

@: no status effects
A: reduced essence, (nimble swimmer 2), mertail
a: Renounce Religion, Recall Ancestor, Ancestor Identity


You were on level 2 of the Dungeon.
You worshipped Hepliaklqana.
Hepliaklqana was aware of your devotion.
You visited 1 branch of the dungeon, and saw 2 of its levels.

You collected 76 gold pieces.

Inventory:

Armour
 a - a +0 robe (worn)
Scrolls
 c - 2 scrolls of identify {unknown}
 g - a scroll of fear {unknown}
 h - a scroll of enchant weapon {unknown}
 i - a scroll of vulnerability {unknown}
Potions
 b - a potion of magic
 d - a potion of berserk rage {unknown}
 e - a potion of degeneration {unknown}
 f - a potion of haste {unknown}


   Skills:
 + Level 0.6 Fighting
 + Level 2.9 Dodging
 + Level 2.5 Stealth
 + Level 0.3 Unarmed Combat
 + Level 2.4 Spellcasting
 + Level 5.1 Ice Magic


You had 2 spell levels left.
You knew the following spells:

 Your Spells              Type           Power      Damage    Failure   Level
a - Freeze                Ice            72%        1d9       2%          1
b - Frozen Ramparts       Ice            36%        1d5       7%          3

Your spell library contained the following spells:

 Spells                   Type           Power      Damage    Failure   Level
 Sting                    Tmut/Pois      4%         1d3       21%         1
 Poisonous Vapours        Pois/Air       2%         N/A       30%         2
 Ozocubu's Armour         Ice            18%        N/A       7%          3
 Hailstorm                Conj/Ice       10%        3d5       56%         4
 Olgreb's Toxic Radiance  Pois           1%         N/A       89%         4


Dungeon Overview and Level Annotations

Branches:
Dungeon (2/15)

Altars:
Hepliaklqana

Shops:
D:1 (

Annotations:
D:2 Natasha


Innate Abilities, Weirdness & Mutations

Your life essence is reduced to manifest your ancestor. (-10% HP)
((You are very nimble when in or above water. (Stealth+, EV+, Speed+++)))
Your lower body shifts to a powerful aquatic tail in water.


Message History

A bat is nearby!
A bat is nearby!
There are monsters nearby!
You now have 76 gold pieces (gained 13).
You swap places.
Casting: Freeze (safe; 2% risk of failure)
Confirm with . or Enter, or press ? or * to list all spells.
Aiming: Freeze (safe; 2% risk of failure)
Press: ? - help, Shift-Dir - straight line, f - Natasha
Aim: Natasha, carrying a wand of flame (7) (asleep)
You freeze Natasha.
Natasha hisses angrily.
Natasha is lightly wounded.
The bat hits you but does no damage. Natasha claws you.
Casting: Freeze (safe; 2% risk of failure)
Confirm with . or Enter, or press ? or * to list all spells.
Aiming: Freeze (safe; 2% risk of failure)
Press: ? - help, Shift-Dir - straight line, f/p - Natasha
Aim: Natasha, carrying a wand of flame (7) (lightly wounded)
You freeze Natasha!
Natasha is heavily wounded.
The bat closely misses you.
Servius hits the bat.
Natasha zaps a wand.
The puff of flame hits you!
Ouch! That really hurt!
* * * LOW HITPOINT WARNING * * *
Casting: Freeze (safe; 2% risk of failure)
Confirm with . or Enter, or press ? or * to list all spells.
Aiming: Freeze (safe; 2% risk of failure)
Press: ? - help, Shift-Dir - straight line, f/p - Natasha
Aim: Natasha, carrying a wand of flame (6) (heavily wounded)
You freeze Natasha.
Natasha is heavily wounded.
Servius closely misses the bat.
The bat closely misses you.
Natasha extends her claws.
Natasha drinks a potion.
Natasha's spells are empowered!
The bat barely misses you.
Servius hits the bat.
The bat dies!
Natasha zaps a wand.
The puff of flame hits you!
Ouch! That really hurt!
You die...

######+###
#........#
######........#
#......h.R....#
.# #........#
..#
#.@......###...
#####.......#
###.......#..
#.........#.<
#.........#.#
#.........#.#
#...#'#####.#
#...#..# #.#
#...##.####.###


You could see the friendly Servius the ancestor and Natasha (empowered).

Vanquished Creatures
  A dart slug (D:1)
  3 ball pythons (D:1)
  8 bats
  5 endoplasms
  4 goblins (D:1)
  4 hobgoblins (D:1)
  4 quokkas (D:1)
  A frilled lizard (D:1)
  A kobold (D:1)
31 creatures vanquished.

Vanquished Creatures (collateral kills)
  A ball python (D:2)
  A bat (D:2)
  2 endoplasms (D:2)
  A kobold (D:2)
  A quokka (D:2)
6 creatures vanquished.

Grand Total: 37 creatures vanquished

Notes
Turn   | Place    | Note
-------+----------+-------------------------------------------
     0 | D:1      | ILmort the Merfolk Ice Elementalist began the quest for the
                  | Orb.
     0 | D:1      | Reached XP level 1. HP: 13/13 MP: 3/3
   100 | D:1      | Reached XP level 2. HP: 7/19 MP: 1/5
   923 | D:1      | Reached XP level 3. HP: 24/25 MP: 3/6
   939 | D:1      | Learned a level 3 spell: Frozen Ramparts
   967 | D:1      | Reached skill level 5 in Ice Magic
  1660 | D:1      | Found Zutwiad's Weapon Boutique.
  1704 | D:1      | Found a faded altar of an unknown god.
  1718 | D:1      | Prayed at the altar of an unknown god.
  1718 | D:1      | Became a worshipper of Hepliaklqana the Forgotten
  1718 | D:1      | Reached * piety under Hepliaklqana
  2302 | D:2      | Noticed Natasha
  2347 | D:2      | Killed from afar by Natasha

Illustrated notes

Levels and vault maps discovered:
D:1:      erik_arrival_cave_to_civilisation [erik_arrival_cave_to_hall],
          layout_rooms, chequers_ecumenical_altar_twisty, serial_shops,
          nicolae_shop_bloodbath_and_beyond, item_on_display_a
D:2:      layout_basic, uniq_sigmund, uniq_terence, uniq_natasha

Skill      XL: |  1  2  3 |
---------------+----------+-----
Ice Magic      | 5 |  5.1
Fighting       | |  0.6
Dodging        | |  2.9
Stealth        | |  2.5
Unarmed Combat | |  0.3
Spellcasting   | |  2.4

Action                   || total
-------------------------++-------
Melee: Unarmed           ||    70
       Punch             ||     1
 Cast: Freeze            ||    38
       Frozen Ramparts   ||     1
Armor: Robe              ||    14
Dodge: Dodged            ||    75

Table legend: (Time is in decaauts)
 A = Elapsed time spent in this place.
 B = Non-inter-level travel time spent in this place.
 C = Inter-level travel time spent in this place.
 D = Time resting spent in this place.
 E = Time spent auto-exploring this place.
 F = Levels seen in this place.
 G = Mean time per level.
                   A        B        C        D        E       F      G
               +--------+--------+--------+--------+--------+-----+--------+
         Total |   2346 |   2256 |     90 |   1034 |    665 |   2 | 1173.0 |
       Dungeon |   2346 |   2256 |     90 |   1034 |    665 |   2 | 1173.0 |
               +--------+--------+--------+--------+--------+-----+--------+

Top non-repeatable levels by time:
     D:1: 1809 daAuts
     D:2: 537 daAuts
